AoeStats
← BSL | n0_chanc3

African Clearing

504153513Analyzed
4v4 RM · 28d ago on Sep 4, 2026· 26m 17s· 8 players
Game mode
Random Map
Map size
Large (8 player)
Population
200
Speed
Normal
Resources
Standard
Victory
Conquest
Starting age
Dark Age
Ending age
Imperial Age
RankedLock teamsTeams togetherTeam positionsShared explorationLock speedFull tech treeHidden civsTurbo modeCheats
Victory
Defeat
🇲🇽 Wu · Mexico
1982
+10
🇲🇽 Berbers · Mexico
1927
+12
1853
+16
🇲🇽 Franks · Mexico
1733
+22
🇮🇳 Cumans · India
1945
-19
🇺🇸 Shu · United States
1886
-17
🇮🇳 Huns · India
1856
-15
🇺🇸 Byzantines · United States
1708
-9
Laming Yamal
13:51 Feudal Age
13:03 Loom
17:42 Castle Age
17:04 Fletching
17:29 Double-Bit Axe
17:35 Gold Mining
19:53 Bodkin Arrow
22:58 Padded Archer Armor
24:23 Leather Archer Armor
26:14 Ballistics
BSL | n0_chanc3
10:09 Loom
13:23 Feudal Age
14:31 Double-Bit Axe
18:09 Horse Collar
21:51 Stone Mining
22:41 Fletching
Water
6:16 Loom
15:22 Feudal Age
19:59 Castle Age
18:13 Horse Collar
19:55 Fishing Lines
24:11 Scale Barding Armor
E@GLE
11:35 Feudal Age
11:58 Loom
12:10 Double-Bit Axe
15:48 Fletching
22:59 Castle Age
20:52 Horse Collar
21:39 Padded Archer Armor
22:14 Gold Mining
23:48 Bodkin Arrow
23:43 Crossbowman
VENÓN | TIC TAC
12:46 Feudal Age
13:19 Loom
13:50 Double-Bit Axe
14:45 Stone Mining
16:57 Castle Age
15:58 Fletching
16:52 Gold Mining
18:05 Bow Saw
22:01 Bodkin Arrow
22:36 Ballistics
24:09 Padded Archer Armor
VENÓN | El Claut_One
9:36 Loom
11:39 Feudal Age
11:18 Loom
13:24 Double-Bit Axe
20:48 Castle Age
19:39 Scale Barding Armor
19:44 Forging
VENÓN | Mauricio
11:18 Feudal Age
11:05 Loom
12:05 Double-Bit Axe
17:34 Scale Barding Armor
17:40 Forging
19:03 Bloodlines
23:05 Castle Age
23:19 Light Cavalry
24:20 Chain Barding Armor
24:35 Iron Casting
24:16 Bow Saw
24:20 Husbandry
25:43 Wheelbarrow
25:17 Horse Collar
VENÓN | Voy La Darkstorm
11:33 Loom
13:27 Feudal Age
19:03 Castle Age
18:10 Double-Bit Axe
20:54 Bow Saw
20:51 Town Watch
Connection lost

Rejoining the realm…

Still unreachable

The connection could not be restored.

Session expired

The server has moved on; the page needs a fresh start.